Map: Oxide LE

Players

Vanya - Winner!

  • Race: Zerg Zerg
  • League: Master

PtitDrogo

  • Race: Protoss Protoss
  • League: Grandmaster

Event: DreamHack SC2 Masters 2021 Summer

VOD

Have the link to the VOD?

Description

Time

  • Played on: May 25, 2021, 11:10 a.m.
  • Length: 8:26

All games in this series

Show
View Real Time Build Order
Export as new Build Order

Vanya Zerg - Winner!

Build Orders: Pool First 

Get SALT Encoding   

  12  0:00  Drone  
  13  0:11  Overlord  
  13  0:17  Drone  
  14  0:30  Drone  
  14  0:31  Drone  
  16  0:42  Spawning Pool  
  15  0:45  Drone  
  16  1:07  Hatchery  
  16  1:10  Drone  
  16  1:28  Queen  
  16  1:29  Zergling x4  
  16  1:31  Zergling x2  
  21  1:43  Overlord  
  21  1:52  Drone  
  22  2:02  Hatchery  
  22  2:05  Extractor  
  22  2:06  Drone  
  21  2:19  Zergling x2  
  21  2:21  Drone  
  23  2:25  Queen  
  25  2:32  Zergling x2  
  25  2:33  Drone  
  27  2:42  Drone  
  27  2:43  Drone  
  28  2:48  Overlord  
  28  2:51  Drone  
  28  3:04  Drone x2  
  29  3:07  Metabolic Boost  
  29  3:15  Zergling x6  
  29  3:16  Zergling x2  
  34  3:20  Drone  
  34  3:25  Queen  
  36  3:28  Drone  
  36  3:32  Drone  
  38  3:37  Overlord  
  38  3:43  Drone  
  39  3:50  Drone x3  
  39  3:51  Drone  
  43  3:58  Drone  
  44  4:02  Drone  
  44  4:03  Drone  
  45  4:10  Spore Crawler  
  45  4:12  Queen  
  45  4:18  Hatchery  
  45  4:24  Overlord  
  43  4:25  Zergling x10  
  48  4:32  Spore Crawler  
  48  4:35  Drone x2  
  48  4:38  Drone x3  
  52  4:41  Queen  
  52  4:45  Drone  
  55  4:46  Drone  
  55  4:47  Drone  
  55  4:51  Drone x2  
  58  4:55  Drone  
  58  4:58  Drone  
  57  5:06  Drone  
  57  5:07  Drone x2, Extractor  
  60  5:08  Roach Warren  
  60  5:10  Extractor, Drone x2  
  59  5:16  Overlord  
  59  5:20  Zergling x2  
  59  5:22  Overlord  
  57  5:32  Queen  
  58  5:36  Queen  
  60  5:46  Spore Crawler  
  60  5:48  Roach  
  60  5:49  Roach x8  
  77  5:55  Overlord  
  77  6:03  Queen  
  77  6:04  Zergling x10  
  77  6:15  Zergling x8  
  77  6:17  Zergling x2  
  80  6:30  Ravager x5  
  80  6:31  Zergling x6  
  88  6:33  Overlord  
  88  6:34  Zergling x10  
  88  6:39  Overlord  
  89  6:43  Overlord  
  87  6:47  Zergling x6  
  87  6:51  Overlord  
  87  6:53  Lair  
  89  6:55  Zergling x2  
  89  6:58  Drone  
  89  6:59  Drone  
  88  7:05  Ravager  
  81  7:10  Zergling x6  
  75  7:19  Zergling x6  
  76  7:25  Zergling x6  
  76  7:28  Drone  
  76  7:29  Queen x2  
  80  7:32  Drone x2  
  82  7:40  Drone x2  
  80  7:44  Hatchery  
  80  7:45  Hatchery  
  80  7:47  Drone  
  77  7:52  Drone x3  
  77  7:54  Extractor  
  77  7:55  Spire  
  70  7:59  Drone  
  70  8:01  Drone x2  
  70  8:03  Drone x2  
  70  8:05  Drone  
  74  8:07  Extractor x2  
  74  8:11  Drone  
  74  8:12  Drone  
  71  8:13  Drone  
Show
View Real Time Build Order
Export as new Build Order

PtitDrogo Protoss 

Build Orders: Oracle Opening 

Get SALT Encoding   

  12  0:00  Probe  
  13  0:12  Probe  
  14  0:19  Pylon  
  14  0:24  Probe  
  15  0:37  Probe (Chrono Boost)  
  15  0:39  Gateway  
  16  0:46  Probe (Chrono Boost)  
  16  0:48  Assimilator  
  17  0:52  Probe (Chrono Boost)  
  18  1:04  Probe  
  19  1:12  Pylon  
  19  1:16  Gateway  
  19  1:18  Probe  
  19  1:24  Zealot (Chrono Boost)  
  20  1:32  Cybernetics Core  
  22  1:35  Probe  
  23  1:42  Pylon  
  23  1:48  Zealot (Chrono Boost)  
  23  1:51  Probe  
  26  2:02  Assimilator  
  26  2:03  Pylon  
  26  2:05  Probe  
  29  2:12  Adept (Chrono Boost)  
  29  2:15  Adept (Chrono Boost)  
  31  2:21  Probe  
  32  2:25  Pylon  
  32  2:33  Probe  
  33  2:47  Probe  
  33  2:49  Stargate  
  34  2:55  Warp Gate  
  34  3:05  Probe  
  35  3:17  Nexus  
  35  3:21  Pylon  
  35  3:28  Probe  
  35  3:29  Oracle (Chrono Boost)  
  39  3:40  Probe  
  40  3:52  Probe  
  39  4:03  Oracle (Chrono Boost)  
  39  4:04  Probe  
  43  4:11  Adept x2  
  43  4:17  Probe  
  47  4:31  Probe (Chrono Boost)  
  47  4:33  Probe (Chrono Boost)  
  47  4:37  Oracle (Chrono Boost)  
  51  4:41  Probe (Chrono Boost)  
  51  4:43  Probe (Chrono Boost)  
  53  4:53  Probe  
  53  4:58  Adept  
  53  4:59  Nexus  
  54  5:02  Pylon  
  54  5:05  Probe  
  55  5:07  Oracle (Chrono Boost), Zealot  
  55  5:12  Probe  
  61  5:17  Probe  
  61  5:21  Adept  
  61  5:24  Probe  
  62  5:31  Probe  
  62  5:35  Adept  
  65  5:36  Probe  
  66  5:43  Probe  
  66  5:45  Pylon  
  66  5:48  Probe, Assimilator x2  
  68  5:51  Shield Battery  
  68  5:55  Probe  
  69  5:59  Twilight Council  
  69  6:02  Forge  
  69  6:10  Oracle (Chrono Boost)  
  70  6:25  Stalker x2  
  68  6:29  Probe  
  68  6:31  Probe  
  68  6:32  Probe  
  69  6:35  Void Ray (Chrono Boost)  
  69  6:37  Gateway  
  69  6:38  Gateway  
  72  6:48  Stalker x2  
  75  7:08  Probe  
  71  7:11  Stalker x2  
  71  7:12  Probe  
  66  7:25  Probe  
  66  7:26  Probe  
  60  7:33  Stalker x2  
  61  7:37  Probe, Zealot x2  
  61  7:39  Probe  
  58  7:49  Probe  
  58  7:51  Probe  
  47  7:57  Zealot  
  39  8:01  Probe  
  39  8:03  Probe  
  39  8:05  Zealot x2  
Tags
 
Add a new tag
Caveats
  • Supply blocks, unpowered buildings, or Contaminate may cause inaccurate times.
  • Supply counts are checked every 10 seconds.